 Dungeon Crawl Stone Soup version 0.25.1-2-g60ff931df9 (webtiles) character file.

Game seed: 4484659082774911042

5779 Elvor the Basher (level 10, -1/61 HPs)
             Began as a Gargoyle Fighter on Sept 21, 2020.
             Was an Elder of Okawaru.
             Killed by the air
             ... invoked by Gastronok
              (28 damage)
             ... on level 9 of the Dungeon.
             The game lasted 01:02:46 (7389 turns).

Elvor the Basher (Gargoyle Fighter)                 Turns: 7389, Time: 01:02:47

Health: -1/61      AC: 22    Str: 24    XL:     10   Next: 78%
Magic:  10/10      EV:  8    Int:  8    God:    Okawaru [****..]
Gold:   271        SH: 11    Dex: 15    Spells: 9/9 levels left

rFire    . . .     SeeInvis .   z - +2 flail (venom)
rCold    . . .     Gourm    .   c - +0 kite shield
rNeg     + . .     Faith    .   x - +0 chain mail
rPois    ∞         Spirit   .   A - +0 helmet
rElec    +         Reflect  .   L - +1 cloak {MR+}
rCorr    .         Harm     .   y - +0 pair of gloves
MR       +....                  (no boots)
Stlth    ..........             (no amulet)
HPRegen  0.20/turn              q - +6 ring of dexterity
MPRegen  0.12/turn              Q - ring of wizardry

@: slowed, studying Maces & Flails, very slow
A: negative energy resistance 1, electricity resistance, unbreathing,
petrification resistance, rot immunity, AC +7
a: Heroism, Renounce Religion


You were on level 9 of the Dungeon.
You worshipped Okawaru.
Okawaru was greatly pleased with you.
You were not hungry.

You visited 2 branches of the dungeon, and saw 10 of its levels.

You collected 565 gold pieces.
You spent 294 gold pieces at shops.

Inventory:

Hand Weapons
 o - a +0 morningstar
 z - a +2 flail of venom (weapon)
 H - the +0 war axe of a ziggurat {freeze, Dex+3}
   (You found it on level 5 of the Dungeon)

   It has been specially enchanted to freeze those struck by it, causing extra
   injury to most foes and up to half again as much damage against particularly
   susceptible opponents.
   It can also slow down cold-blooded creatures.
   It affects your dexterity (+3).
 J - a +4 vorpal scimitar
Missiles
 e - 14 boomerangs (quivered)
 D - 3 atropa-tipped darts
 E - a throwing net
Armour
 c - a +0 kite shield (worn)
 x - a +0 chain mail (worn)
 y - a +0 pair of gloves (worn)
 A - a +0 helmet (worn)
 L - a +1 cloak of magic resistance (worn)
 M - +0 acid dragon scales
Jewellery
 q - a +6 ring of dexterity (left hand)
 I - an uncursed ring of see invisible
 Q - a ring of wizardry (right hand)
Wands
 P - a wand of random effects (34)
 S - a wand of flame (7)
Scrolls
 a - 3 scrolls of immolation
 g - 2 scrolls of enchant armour
 i - a scroll of random uselessness {unknown}
 l - 5 scrolls of remove curse
 m - 5 scrolls of teleportation {unknown}
 v - 2 scrolls of magic mapping
 C - 2 scrolls of fog
 F - a scroll of noise {unknown}
 O - 2 scrolls of amnesia {unknown}
Potions
 b - a potion of mutation {unknown}
 d - 3 potions of might
 h - 5 potions of curing
 j - a potion of cancellation {unknown}
 k - 2 potions of magic
 n - 2 potions of brilliance
 p - a potion of stabbing {unknown}
 r - 3 potions of resistance
 s - 2 potions of haste {unknown}
 u - a potion of flight {unknown}
 w - a potion of lignification {unknown}
 B - a potion of heal wounds
 G - a potion of experience {unknown}
 K - 3 potions of degeneration {unknown}
Books
 R - a manual of Maces & Flails
Comestibles
 f - 19 rations
 t - 2 chunks of flesh


   Skills:
 + Level 6.4 Fighting
 * Level 12.4 Maces & Flails
 + Level 4.0 Throwing
 + Level 6.1 Armour
 + Level 2.2 Dodging
 + Level 3.4 Stealth
 + Level 7.1 Shields
 + Level 0.8 Evocations


You had 9 spell levels left.
You didn't know any spells.
Your spell library was empty.

Dungeon Overview and Level Annotations

Branches:
Dungeon (9/15)             Temple (1/1) D:5
   Lair: D:8-11         Orc: D:9-12

Altars:
Ashenzari
Cheibriados
Dithmenos
Elyvilon
Fedhas
Hepliaklqana
Kikubaaqudgha
Makhleb
Nemelex Xobeh
Okawaru
Qazlal
Ru
Sif Muna
Trog
Uskayaw
Vehumet
Wu Jian
Xom
Yredelemnul
Zin
The Shining One
Beogh

Shops:
D:6 *   D:7 (

Annotations:
D:7 2 transporters
D:9 Gastronok


Innate Abilities, Weirdness & Mutations

You are resistant to torment.
Your stone body is resilient. (AC +7)
You are immune to poison.
You resist negative energy. (rN+)
You are resistant to electric shocks. (rElec)
You can survive without breathing.
You are immune to petrification.
You are immune to rotting.


Message History

Gastronok is moderately wounded.
You thump Gastronok!
Gastronok is moderately wounded.
Gastronok bites you but does no damage.
You hit Gastronok.
Gastronok is heavily wounded.
You hit Gastronok but do no damage.
Gastronok is heavily wounded.
You block Gastronok's attack.
You sock Gastronok!
Gastronok looks as sick as possible!
Gastronok is heavily wounded.
Gastronok waves his eye-stalks in wide circles.
The air twists around and strikes you!!
You sock Gastronok!
Gastronok looks as sick as possible!
Gastronok is heavily wounded.
You hit Gastronok but do no damage.
Gastronok looks as sick as possible!
Gastronok is heavily wounded.
Gastronok waves his eye-stalks in wide circles.
The air twists around and strikes you!!
You die...

#...##.#...........###
#......#.............#
#...................##
#....##....#......##
#..........#.#....#
.#....[.......#..###
#.................#
..<..............###
.........@......##
.......#.w......#
.......##......##
....... .........
###.##...(....... #.
##.(.>......
##........ #.......#


You could see Gastronok (swift, extremely poisoned).

Vanquished Creatures
  An ugly thing (D:7)
  Psyche (D:8)
  Maggie (D:6)
  A troll (D:9)
  A hornet (D:7)
  Prince Ribbit (D:5)
  3 yaks (D:8)
  A hungry ghost (D:7)
  Menkaure (D:6)
  Duvessa (D:7)
  A hornet zombie (D:8)
  2 orc warriors (D:8)
  A sky beast (D:6)
  5 ogres
  3 phantoms
  2 ice beasts
  2 necrophages
  A centaur (D:5)
  3 big kobolds
  4 bullfrogs
  Blork the orc (D:5)
  Dowan (D:7)
  A scorpion (D:6)
  A wight (D:8)
  5 crimson imps
  7 hounds
  2 jellies
  3 centaur skeletons
  3 orc priests
  Crazy Yiuf (D:5)
  A bullfrog skeleton (D:6)
  An orc wizard (D:7)
  10 worker ants
  A hound skeleton (D:4)
  A mummy (D:8)
  A worker ant zombie (D:6)
  Robin (D:4)
  4 gnolls (D:5)
  8 adders
  2 shadow imps
  An ooze (D:2)
  An adder zombie (D:4)
  A worm (D:3)
  A dart slug (D:1)
  9 leopard geckos
  17 orcs
  2 ball pythons
  4 bats
  6 giant cockroaches
  12 goblins
  11 hobgoblins
  10 jackals
  5 quokkas
  4 frilled lizards
  A jackal zombie (D:8)
  15 kobolds
  12 rats
  A bush (D:4)
  2 plants (D:4)
206 creatures vanquished.

Vanquished Creatures (others)
  A kobold (D:2)
1 creature vanquished.

Grand Total: 207 creatures vanquished

Notes
Turn   | Place    | Note
-------+----------+-------------------------------------------
     0 | D:1      | Elvor the Gargoyle Fighter began the quest for the Orb.
     0 | D:1      | Reached XP level 1. HP: 14/14 MP: 1/1
    71 | D:1      | Reached XP level 2. HP: 13/19 MP: 2/2
   266 | D:1      | Reached XP level 3. HP: 18/24 MP: 3/3
   631 | D:2      | Found a shimmering blue altar of Sif Muna.
   828 | D:2      | Found a basalt altar of Yredelemnul.
   830 | D:2      | Noticed a profane servitor
   843 | D:2      | Found a glowing golden altar of the Shining One.
   845 | D:2      | Noticed an angel
   912 | D:2      | Found a snail-covered altar of Cheibriados.
   912 | D:2      | Found a shattered altar of Ashenzari.
   919 | D:2      | Found an ancient bone altar of Kikubaaqudgha.
   921 | D:2      | Found a sacrificial altar of Ru.
   922 | D:2      | Found a hide-covered altar of Uskayaw.
  1448 | D:2      | Reached XP level 4. HP: 29/29 MP: 4/4
  1527 | D:3      | Reached skill level 3 in Maces & Flails
  1674 | D:3      | Found a shimmering altar of Xom.
  1793 | D:3      | Found a glowing silver altar of Zin.
  2318 | D:4      | Reached XP level 5. HP: 33/33 MP: 5/5
  2632 | D:4      | Reached skill level 4 in Maces & Flails
  2668 | D:4      | Noticed an ogre
  2681 | D:4      | Killed an ogre
  2681 | D:4      | Reached XP level 6. HP: 38/38 MP: 6/6
  2833 | D:4      | Noticed a phantom
  2844 | D:4      | Killed a phantom
  2844 | D:4      | Reached skill level 5 in Maces & Flails
  2900 | D:4      | Noticed Robin
  2911 | D:4      | Reached skill level 1 in Stealth
  2918 | D:4      | Killed Robin
  3013 | D:4      | Reached skill level 1 in Dodging
  3053 | D:4      | You fall into a shaft and drop 2 floors!
  3062 | D:6      | Reached XP level 7. HP: 43/43 MP: 7/7
  3078 | D:6      | Noticed Menkaure
  3084 | D:6      | Killed Menkaure
  3093 | D:5      | Entered Level 5 of the Dungeon
  3103 | D:6      | Reached skill level 6 in Maces & Flails
  3143 | D:5      | Found a blossoming altar of Fedhas.
  3202 | D:5      | Noticed Prince Ribbit
  3219 | D:5      | Killed Prince Ribbit
  3219 | D:5      | Reached skill level 7 in Maces & Flails
  3219 | D:5      | Reached skill level 1 in Throwing
  3219 | D:5      | Reached XP level 8. HP: 28/48 MP: 8/8
  3255 | D:5      | Found a staircase to the Ecumenical Temple.
  3274 | Temple   | Entered the Ecumenical Temple
  3401 | Temple   | Became a worshipper of Warmaster Okawaru
  3525 | D:5      | Got a fine war axe
  3526 | D:5      | Identified the +0 war axe of a ziggurat {freeze, Dex+3}
                  | (You found it on level 5 of the Dungeon)
  3582 | D:5      | Noticed Blork the orc
  3592 | D:5      | Killed Blork the orc
  3652 | D:5      | Reached skill level 5 in Shields
  3693 | D:5      | Found a runed translucent door.
  3694 | D:5      | Noticed Crazy Yiuf
  3702 | D:5      | Killed Crazy Yiuf
  4406 | D:6      | Reached * piety under Okawaru
  4406 | D:6      | Reached skill level 8 in Maces & Flails
  4438 | D:6      | Reached XP level 9. HP: 35/53 MP: 9/9
  4583 | D:6      | Found Ypoteajiun's Assorted Antiques.
  4592 | D:6      | Bought a scroll of identify for 54 gold pieces
  4592 | D:6      | Bought a scroll labeled YRIDICUGIF for 27 gold pieces
  4592 | D:6      | Bought a potion of curing for 81 gold pieces
  4592 | D:6      | Bought a sapphire potion for 24 gold pieces
  4592 | D:6      | Bought a scroll labeled YRIDICUGIF for 27 gold pieces
  4592 | D:6      | Bought a scroll of identify for 54 gold pieces
  4592 | D:6      | Bought a scroll labeled ADUEF GOINN for 27 gold pieces
  4774 | D:6      | Noticed Maggie
  4790 | D:6      | Killed Maggie
  4790 | D:6      | Reached skill level 5 in Fighting
  4790 | D:6      | Reached skill level 9 in Maces & Flails
  4899 | D:6      | Reached skill level 5 in Armour
  5060 | D:7      | Reached ** piety under Okawaru
  5117 | D:7      | Noticed a hornet
  5128 | D:7      | Killed a hornet
  5178 | D:7      | Found Xaapij's Weapon Shoppe.
  5320 | D:7      | Found a transporter.
  5321 | D:7      | Noticed Duvessa
  5325 | D:7      | Noticed Dowan
  5328 | D:7      | Killed Duvessa
  5334 | D:7      | Killed Dowan
  5341 | D:7      | Reached skill level 10 in Maces & Flails
  5381 | D:7      | Found a roughly hewn altar of Beogh.
  5381 | D:7      | Found a transporter.
  5392 | D:7      | Reached XP level 10. HP: 53/60 MP: 10/10
  5569 | D:7      | Found a white marble altar of Elyvilon.
  5576 | D:7      | Noticed a green ugly thing
  5591 | D:7      | Killed a green ugly thing
  5591 | D:7      | Reached *** piety under Okawaru
  6064 | D:8      | Reached skill level 11 in Maces & Flails
  6551 | D:8      | Reached **** piety under Okawaru
  6687 | D:8      | Noticed Psyche
  6695 | D:8      | Killed Psyche
  6695 | D:8      | Reached skill level 12 in Maces & Flails
  7306 | D:9      | Received a gift from Okawaru
  7366 | D:9      | Noticed Gastronok
  7389 | D:9      | Killed from afar by Gastronok

Illustrated notes

Levels and vault maps discovered:
D:1:      dpeg_arrival_ternary, layout_basic
D:2:      layout_basic, grunt_temple_overflow_holy_war, lemuel_blue_sif_altar,
          chequers_temple_overflow_minitemple, minmay_cut_off
D:3:      minmay_door_path, layout_loops_ring, lemuel_crystal_altar,
          xom_teletrap_fun, first_ration
D:4:      layout_loops_cross, serial_forest, infiniplex_forest_3_way,
          infiniplex_forest_side_room, infiniplex_forest_end_3,
          infiniplex_forest_zigzag_1, infiniplex_forest_end_1,
          infiniplex_forest_clump_long, infiniplex_forest_lined_2,
          infiniplex_forest_clump_long, uniq_robin
D:5:      layout_rooms, minmay_temple_entry_sparse_star, basic_altar,
          chequers_ossuary_entry_cave, serial_rivers,
          chequers_serial_rivers_small_b, chequers_serial_rivers_marsh,
          chequers_serial_rivers_small_3, chequers_serial_rivers_small_3,
          st_stairs_5, uniq_blork_the_orc, uniq_crazy_yiuf_cottage,
          uniq_prince_ribbit1
D:6:      layout_basic, serial_shops, nicolae_shop_statue_plus, uniq_maggie,
          uniq_menkaure
D:7:      gammafunk_beogh_shrine, layout_cave_pods, elyvilon_altar_1,
          serial_shops, nicolae_shop_stone, minmay_manual_mess, uniq_duvessa
D:8:      layout_cave_pools, serial_undead, serial_undead_b, serial_undead_e,
          serial_undead_d, serial_undead_c, serial_undead_f, serial_undead_d,
          blue_anna_alchemist [blue_anna_fruit_fields, blue_anna_fruit_fields],
          lightli_minifort, uniq_psyche
D:9:      layout_cave_pools, nicolae_overflow_crystal_walls, serial_shops,
          nicolae_shop_window_shopping, hangedman_decor_clover_reticule,
          lightli_orcish_oven, uniq_gastronok
Temple:   cyrus_temple_forest

Skill      XL: |  1  2  3  4  5  6  7  8  9 10 |
---------------+-------------------------------+-----
Maces & Flails | 3 4 5 7 8 10 12 | 12.4
Fighting       | 4 5 6 |  6.4
Armour         | 4 5 6 |  6.1
Shields        | 4 5 6 7 |  7.1
Stealth        | 1 2 3 |  3.4
Dodging        | 1 2 |  2.2
Throwing       | 1 2 3 4 |  4.0
Evocations     | |  0.8

Action                   |  1- 3 |  4- 6 |  7- 9 | 10-12 || total
-------------------------+-------+-------+-------+-------++-------
Melee: Flail             |   154 |   235 |   238 |   179 ||   806
Throw: Boomerang         |       |    11 |    71 |    37 ||   119
       Dart              |       |       |       |     8 ||     8
Invok: Heroism           |       |       |       |     1 ||     1
Evoke: Wand              |       |     4 |     4 |     3 ||    11
  Use: Scroll            |       |       |     9 |     3 ||    12
       Potion            |       |       |       |     1 ||     1
 Stab: Paralysed         |       |    10 |     3 |       ||    13
  Eat: Chunk             |     2 |     6 |     5 |     3 ||    16
       Ration            |       |       |     2 |     1 ||     3
Armor: Scale mail        |    82 |    61 |    42 |       ||   185
       Chain mail        |       |       |    58 |    72 ||   130
Dodge: Dodged            |    48 |    40 |    65 |    26 ||   179
Block: Kite shield       |    85 |    79 |   126 |    85 ||   375
